 Dungeon Crawl Stone Soup version 0.28.0-47-ge53b351184 (webtiles) character file.

Game seed: 3590115866706907628

11 firemarshallily the Caller (level 2, -1/19 HPs)
             Began as a Merfolk Summoner on May 6, 2022.
             Was a Follower of Sif Muna.
             Slain by a quokka (5 damage)
             ... on level 1 of the Dungeon.
             The game lasted 00:03:39 (820 turns).

firemarshallily the Caller (Merfolk Summoner)        Turns: 820, Time: 00:03:40

Health: -1/19      AC:  2    Str:  8    XL:     2   Next: 29%
Magic:  4/5        EV: 12    Int: 14    God:    Sif Muna [*.....]
Gold:   13         SH:  0    Dex: 14    Spells: 4/5 levels left

rFire   . . .      SeeInvis .   d - +0 dagger
rCold   . . .      Faith    .   (no shield)
rNeg    . . .      Spirit   .   a - +0 robe
rPois   .          Reflect  .   (no helmet)
rElec   .          Harm     .   (no cloak)
rCorr   .          Rampage  .   (no gloves)
Will    .....                   (no boots)
Stlth   ++........              (no amulet)
HPRegen 0.06/turn               (no ring)
MPRegen 0.09/turn               (no ring)

@: no status effects
A: (nimble swimmer 2), mertail
a: Renounce Religion, Channel Magic


You were on level 1 of the Dungeon.
You worshipped Sif Muna.
Sif Muna was aware of your devotion.
You visited 1 branch of the dungeon, and saw 1 of its levels.

You collected 13 gold pieces.

Inventory:

Hand Weapons
 d - a +0 dagger (weapon)
Armour
 a - a +0 robe (worn)
Potions
 b - a potion of curing {unknown}
 c - a potion of ambrosia {unknown}
 e - a potion of cancellation {unknown}


   Skills:
 + Level 1.0 Polearms
 - Level 2.6 Dodging
 - Level 2.1 Stealth
 * Level 2.3 Spellcasting
 * Level 4.2 Summonings


You had 4 spell levels left.
You knew the following spells:

 Your Spells              Type           Power      Damage    Failure   Level
a - Summon Small Mammal   Summ           52%        N/A       4%          1

Your spell library contained the following spells:

 Spells                   Type           Power      Damage    Failure   Level
 Call Imp                 Summ           13%        N/A       6%          2
 Call Canine Familiar     Summ           13%        N/A       12%         3
 Summon Guardian Golem    Hex/Summ       7%         N/A       28%         3
 Summon Lightning Spire   Summ/Air       7%         N/A       67%         4


Dungeon Overview and Level Annotations

Branches:
Dungeon (1/15)

Altars:
Sif Muna


Innate Abilities, Weirdness & Mutations

((You are very nimble when in or above water. (Stealth+, EV+, Speed+++)))
Your lower body shifts to a powerful aquatic tail in water.


Message History

Your bat barely misses the hobgoblin.
A quokka comes into view.
Your rat bites the hobgoblin but does no damage.
Your bat hits the hobgoblin.
Your rat closely misses the hobgoblin.
Your bat closely misses the hobgoblin.
The quokka barely misses you.
Your rat closely misses the hobgoblin.
You barely miss the quokka. The quokka misses you.
You hit the quokka but do no damage.
Your bat hits the hobgoblin but does no damage.
Your bat barely misses the hobgoblin.
The quokka misses you.
You barely miss the quokka. The quokka bites you. The hobgoblin hits you.
A goblin comes into view. It is wielding a +0 dagger.
You hit the quokka but do no damage.
Your rat bites the hobgoblin but does no damage.
The quokka bites you. The hobgoblin barely misses you.
A frilled lizard comes into view.
Your rat bites the hobgoblin but does no damage.
The quokka bites you but does no damage.
You completely miss the quokka.
Your bat hits the hobgoblin but does no damage.
Your rat bites the hobgoblin.
The quokka barely misses you.
The frilled lizard hisses.
Your bat hits the hobgoblin. The hobgoblin hits your rat.
Your rat dies!
Your rat's corpse disappears in a puff of smoke!
You hit the quokka but do no damage. Your bat hits the hobgoblin.
The quokka misses you.
The goblin hits something with a +0 dagger.
The hobgoblin shouts!
You hit the quokka but do no damage. You punch the quokka, but do no damage.
The quokka bites you. The quokka closely misses you.
You closely miss the quokka.
The frilled lizard hisses.
The quokka bites you. The hobgoblin misses you.
You miss the quokka. The quokka bites you.
* * * LOW HITPOINT WARNING * * *
Casting: Summon Small Mammal (safe; 4% risk of failure)
Confirm with . or Enter, or press ? or * to list all spells.
The quokka bites you.
You die...

.#.#...#
#.#....>###.#
.#.'.<.# #.#######
#.# .#.#...# #.#
#.# ##.#####.#
#.### #.#
.......... #.#..
..# ##.##+##..
#.#.# ### #.#
#.#.# +.# #.#b#
#.# #.#@# #.# #
#.#r# ...
...#.###.#g#######
...
.........#gl......
..............####
#.#..###..###.# #.
#......#.# #
###..### # ....


You could see a quokka (ally target), a hobgoblin, a goblin, a frilled lizard
and a friendly bat (summoned).

Vanquished Creatures
  A hobgoblin (D:1)
  A quokka (D:1)
  A kobold (D:1)
  2 rats (D:1)
5 creatures vanquished.

Vanquished Creatures (collateral kills)
  2 ball pythons (D:1)
  An endoplasm (D:1)
  A hobgoblin (D:1)
  A bat (D:1)
  A kobold (D:1)
  A rat (D:1)
7 creatures vanquished.

Vanquished Creatures (others)
  A demonic plant (D:1)
1 creature vanquished.

Grand Total: 13 creatures vanquished

Notes
Turn   | Place    | Note
-------+----------+-------------------------------------------
     0 | D:1      | firemarshallily the Merfolk Summoner began the quest for
                  | the Orb.
     0 | D:1      | Reached XP level 1. HP: 13/13 MP: 3/3
   328 | D:1      | Reached XP level 2. HP: 19/19 MP: 3/5
   400 | D:1      | Reached skill level 1 in Polearms
   641 | D:1      | Found a faded altar of an unknown god.
   641 | D:1      | Noticed a hellion
   649 | D:1      | Prayed at the altar of an unknown god.
   649 | D:1      | Became a worshipper of Sif Muna the Loreminder
   649 | D:1      | Reached * piety under Sif Muna
   820 | D:1      | Slain by a quokka

Illustrated notes

Levels and vault maps discovered:
D:1:      minmay_arrival_four_houses, layout_basic,
          dreamdust_ecumenical_altar_sealed_demon, minmay_misc_feat_nine_boxes,
          chequers_serial_rivers_small_a

Skill      XL: |  1  2 |
---------------+-------+-----
Polearms       | 1 |  1.0
Dodging        | |  2.6
Stealth        | |  2.1
Spellcasting   | |  2.3
Summonings     | |  4.2

Action                   || total
-------------------------++-------
Melee: Unarmed           ||    24
       Dagger            ||    26
       Short sword       ||     7
       Punch             ||     1
 Cast: Summon Small Mamm ||    24
 Stab: Distracted        ||     1
Armor: Robe              ||    11
Dodge: Dodged            ||    34
